 Dungeon Crawl Stone Soup version 0.24-a0-539-g6aae15eeb0 (webtiles) character file.

Game seed: 228292311826640667

241 Delarado the Changer (level 6, 0/38 HPs)
             Began as an Octopode Transmuter on Aug 17, 2019.
             Slain by a shadow imp (2 damage)
             ... on level 6 of the Dungeon.
             The game lasted 00:11:53 (3722 turns).

Delarado the Changer (Octopode Transmuter)          Turns: 3722, Time: 00:11:54

Health: 0/38       AC:  2    Str: 10    XL:     6   Next: 8%
Magic:  6/9        EV: 19    Int: 17    God:
Gold:   209        SH:  0    Dex: 17    Spells: 3/9 levels left

rFire    . . .     SeeInvis .     - Unarmed
rCold    . . .     Gourm    .   (shield currently unavailable)
rNeg     . . .     Faith    .   (helmet currently unavailable)
rPois    x         Spirit   .   (no amulet)
rElec    .         Reflect  .   (no ring)
rCorr    .         Harm     .   (no ring)
MR       .....                  (no ring)
Stlth    ++........             (no ring)
HPRegen  0.12/turn              (no ring)
MPRegen  0.11/turn              (no ring)
                                (no ring)
                                (no ring)

@: spider-form, flying
A: tiny, almost no armour, stealthy swim, (amphibious), 8 rings, (constrict 8)
a: End Transformation


You were on level 6 of the Dungeon.
You were not hungry.
You were a venomous arachnid creature.
You visited 1 branch of the dungeon, and saw 6 of its levels.

You collected 209 gold pieces.

Inventory:

Missiles
 a - 67 arrows
 f - 83 stones (quivered)
 g - 3 poisoned darts
Jewellery
 l - an uncursed ring of protection from fire
Wands
 s - a wand of clouds (6)
Scrolls
 h - 2 scrolls of remove curse {unknown}
 i - 3 scrolls of magic mapping {unknown}
 n - 2 scrolls of teleportation {unknown}
 o - 2 scrolls of blinking {unknown}
 p - a scroll of noise {unknown}
 r - 2 scrolls of fog {unknown}
Potions
 b - 2 potions of flight
 d - a potion of agility
 e - a potion of might
 j - 3 potions of haste
 k - a potion of lignification
 m - 2 potions of brilliance
Comestibles
 c - 8 rations
 t - a chunk of flesh


   Skills:
 + Level 1.4 Fighting
 - Level 2.0 Dodging
 - Level 3.0 Unarmed Combat
 - Level 2.0 Spellcasting
 - Level 5.0 Transmutations
 * Level 3.6 Poison Magic


You had 3 spell levels left.
You knew the following spells:

 Your Spells              Type           Power        Failure   Level  Hunger
a - Beastly Appendage     Tmut           ###...       10%         1    #......
b - Sticks to Snakes      Tmut           ###.....     12%         2    ###....
c - Spider Form           Tmut/Pois      ###.......   24%         3    ###....

Your spell library contained the following spells:

 Spells                   Type           Power        Failure   Level  Hunger
 Ice Form                 Ice/Tmut       ##......     77%         4    #####..
 Blade Hands              Tmut           ###.......   77%         5    ######.


Dungeon Overview and Level Annotations

Branches:
Dungeon (7/15)
 Temple: D:4-7

Altars:
Makhleb

Annotations:
D:2 Sigmund


Innate Abilities, Weirdness & Mutations

You cannot wear most types of armour.
You are very stealthy in the water. (Stealth+)
((You are amphibious.))
You can wear up to eight rings at the same time.
((You can use your tentacles to constrict eight enemies at once.))
((Your skin changes colour to match your surroundings (Stealth+).))
((Your rubbery body absorbs attacks. (AC +1, EV +1)))
((You have a pair of small antennae on your head.))
((Your flesh is cold resistant. (rC+)))


Message History

* * * LOW HITPOINT WARNING * * *
You completely miss the hound.
The hound is heavily wounded.
The hound bites you.
* * * LOW HITPOINT WARNING * * *
The shadow imp closely misses you.
It was a potion of flight.
You feel very buoyant.
You fly up into the air.
The hound bites you but does no damage. The shadow imp barely misses you.
It was a potion of mutation.
You feel extremely strange. A pair of antennae grows on your head!
You feel resistant to cold.
You kill the hound!
You have reached level 6!
Your experience leads to an increase in your attributes!
Your base attributes are Str 10, Int 16, Dex 12.
Increase (S)trength, (I)ntelligence, or (D)exterity?
You feel clever. The jackal barely misses you. The shadow imp hits you.
You die...

# #. #.
###.######
#........#####...
#...†..h$........
#....>hh.###....a
...#...####h...#
.........5s†####
.........####
........ .......
......h ...#... #


You could see a shadow imp and a jackal.

Vanquished Creatures
  2 hounds
  A bullfrog skeleton (D:4)
  An orc wizard (D:3)
  3 adders
  An ooze (D:3)
  3 worms
  2 dart slugs
  2 leopard geckos (D:3)
  7 orcs
  5 giant cockroaches
  4 goblins
  7 hobgoblins
  5 jackals
  8 kobolds
  A quokka (D:2)
  5 ball pythons
  5 bats
  13 rats
75 creatures vanquished.

Vanquished Creatures (collateral kills)
  An orc (D:4)
1 creature vanquished.

Grand Total: 76 creatures vanquished

Notes
Turn   | Place    | Note
-------+----------+-------------------------------------------
     0 | D:1      | Delarado the Octopode Transmuter began the quest for the
                  | Orb.
     0 | D:1      | Reached XP level 1. HP: 13/13 MP: 3/3
   138 | D:1      | Reached XP level 2. HP: 14/18 MP: 1/5
   352 | D:1      | Reached skill level 3 in Transmutations
   656 | D:1      | Reached XP level 3. HP: 23/23 MP: 4/6
   660 | D:1      | Learned a level 2 spell: Sticks to Snakes
  1344 | D:2      | Reached skill level 4 in Transmutations
  1607 | D:2      | Noticed Sigmund
  1657 | D:3      | Reached XP level 4. HP: 20/28 MP: 5/7
  1904 | D:3      | Learned a level 3 spell: Spider Form
  2313 | D:3      | Reached skill level 1 in Poison Magic
  2510 | D:3      | Reached XP level 5. HP: 29/33 MP: 6/8
  2758 | D:3      | Found a burning altar of Makhleb.
  3471 | D:4      | Reached skill level 5 in Transmutations
  3696 | D:4      | You fall into a shaft and drop 3 floors!
  3722 | D:6      | Gained mutation: You have a pair of small antennae on your
                  | head. [potion of mutation]
  3722 | D:6      | Gained mutation: Your flesh is cold resistant. (rC+)
                  | [potion of mutation]
  3722 | D:6      | Reached XP level 6. HP: 2/38 MP: 6/9
  3722 | D:6      | Slain by a shadow imp

Levels and vault maps discovered:
D:1:      lightli_arrival_flooded_house, layout_basic,
          minmay_misc_feat_four_crosses, minmay_tripent
D:2:      layout_loops_ring, minivault_24, minmay_misc_feat_cross,
          minmay_close_crescents, uniq_sigmund
D:3:      layout_basic, nicolae_overflow_hidden_temple, minmay_ruptured
D:4:      layout_basic, ebering_ghost_rock_garden, grunt_dithmenos_smoke
D:6:      layout_rooms, gammafunk_temple_overflow_wave,
          minmay_temple_entry_antechambers, evilmike_ruin_ashenzari,
          uniq_crazy_yiuf_cottage, uniq_grinder
D:7:      layout_basic, kennysheep_mini

Skill      XL: |  1  2  3  4  5 |
---------------+----------------+-----
Transmutations | 3 4 5 |  5.0
Poison Magic   | 1 3 |  3.6
Fighting       | |  1.4
Dodging        | |  2.0
Unarmed Combat | |  3.0
Spellcasting   | |  2.0

Action                   |  1- 3 |  4- 6 || total
-------------------------+-------+-------++-------
Melee: Unarmed           |    77 |   101 ||   178
       Constrict         |    21 |    26 ||    47
       Tentacles         |     9 |    17 ||    26
       Kick              |    13 |    20 ||    33
       Punch             |     2 |       ||     2
Throw: Stone             |    14 |    33 ||    47
 Cast: Beastly Appendage |    15 |    25 ||    40
       Sticks to Snakes  |       |     3 ||     3
       Spider Form       |       |     1 ||     1
  Use: Scroll            |     1 |     4 ||     5
       Potion            |       |     2 ||     2
 Stab: Sleeping          |     5 |     2 ||     7
       Distracted        |       |     2 ||     2
  Eat: Chunk             |     2 |     8 ||    10
Armor: Skin              |     1 |    10 ||    11
Dodge: Dodged            |    44 |    60 ||   104

Table legend:
 A = Non-vault XP
 B = Vault XP
 C = Vault XP percentage of total XP
 D = Non-vault monster count
 E = Vault monster count
 F = Vault count percentage of total count
                 A         B        C        D         E       F
            +---------+---------+-------+---------+---------+-------
      Total |     337 |       8 |   2.3 |      70 |       6 |   7.9
            +---------+---------+-------+---------+---------+-------
        D:1 |      40 |       2 |   4.8 |      25 |       2 |   7.4
        D:2 |      34 |       2 |   5.6 |       7 |       2 |  22.2
        D:3 |     105 |       4 |   3.7 |      27 |       2 |   6.9
        D:4 |     113 |       0 |   0.0 |       9 |       0 |   0.0
        D:6 |      45 |       0 |   0.0 |       2 |       0 |   0.0
            +---------+---------+-------+---------+---------+-------
